 Dungeon Crawl Stone Soup version 0.19.1 (webtiles) character file.

28989 esteth the Destroyer (level 13, -3/76 HPs)
             Began as a Gargoyle Fire Elementalist on Dec 15, 2016.
             Was an Elder of Vehumet.
             Slain by a six-headed hydra (4 damage)
             ... on level 5 of the Lair of Beasts on Dec 16, 2016.
             The game lasted 01:59:26 (21547 turns).

esteth the Destroyer (Gargoyle Fire Elementalist)  Turns: 21547, Time: 01:59:28

Health: -3/76      AC: 11    Str: 13    XL:     13   Next: 42%
Magic:  5/27       EV: 14    Int: 20    God:    Vehumet [****..]
Gold:   397        SH:  5    Dex: 10    Spells: 8 memorised, 1 level left

rFire  + . .     SeeInvis +     D - staff of fire
rCold  . . .     Gourm    .     a - +0 robe
rNeg   + . .     Faith    .     p - +1 buckler
rPois  ∞         Spirit   .     (no helmet)
rElec  +         Reflect  .     (no cloak)
rCorr  .         Harm     .     (no gloves)
MR     .....                    (no boots)
Stlth  +.........               (no amulet)
                                j - ring of wizardry
                                r - ring of see invisible

@: silence
A: negative energy resistance 1, electricity resistance, unbreathing,
petrification resistance, rot immunity, AC +9
a: Renounce Religion


You were on level 5 of the Lair of Beasts.
You worshipped Vehumet.
Vehumet was greatly pleased with you.
You were very hungry.

You visited 3 branches of the dungeon, and saw 15 of its levels.

You collected 862 gold pieces.
You spent 465 gold pieces at shops.

Inventory:

Hand Weapons
 d - a +0 long sword
 q - a +0 rapier
Missiles
 x - 24 poisoned needles
Armour
 a - a +0 robe (worn)
 p - a +1 buckler (worn)
Magical Staves
 D - an uncursed staff of fire (weapon)
Jewellery
 f - an uncursed ring of ice
 j - a ring of wizardry (right hand)
 m - an uncursed amulet of rage
 r - a ring of see invisible (left hand)
 y - an uncursed ring of stealth
 R - an uncursed ring of protection from cold
 W - an uncursed ring of protection from cold
 Z - an uncursed ring of fire {unknown}
Wands
 n - a wand of acid (8/15)
 J - a wand of lightning (8/15)
 O - a wand of flame (31/48)
 Q - a wand of polymorph (9/24)
 V - a wand of iceblast (9/15)
 Y - a wand of slowing (37/48)
Scrolls
 t - 2 scrolls of enchant weapon
 v - 5 scrolls of remove curse
 B - a scroll of enchant armour
 E - a scroll of magic mapping
 H - a scroll of brand weapon {unknown}
 I - a scroll of immolation {unknown}
 M - a scroll of identify
 T - a scroll of holy word {unknown}
 X - 3 scrolls of teleportation
Potions
 e - 3 potions of might {unknown}
 h - 3 potions of agility {unknown}
 i - a potion of haste {unknown}
 l - 2 potions of cure mutation
 z - a potion of magic {unknown}
 A - a potion of degeneration {unknown}
 F - 2 potions of mutation {unknown}
 G - a potion of flight {unknown}
 K - 2 potions of ambrosia {unknown}
 N - a potion of berserk rage {unknown}
 P - 2 potions of heal wounds {unknown}
Books
 b - a book of Flames

   Spells                             Type                      Level
   a - Flame Tongue                   Conjuration/Fire             1
   b - Throw Flame                    Conjuration/Fire             2
   c - Conjure Flame                  Conjuration/Fire             3
   d - Inner Flame                    Hexes/Fire                   3
   e - Sticky Flame                   Conjuration/Fire             4
   f - Fireball                       Conjuration/Fire             5
 c - a book of Power

   Spells                             Type                      Level
   a - Fulminant Prism                Conjuration/Hexes            4
   b - Iskenderun's Mystic Blast      Conjuration                  4
   c - Venom Bolt                     Conjuration/Poison           5
   d - Bolt of Magma                  Conjuration/Fire/Earth       5
   e - Iron Shot                      Conjuration/Earth            6
   f - Orb of Destruction             Conjuration                  7
   g - Spellforged Servitor           Conjuration/Summoning        7
 g - a book of Battle

   Spells                             Type                      Level
   a - Infusion                       Charms                       1
   b - Shroud of Golubria             Charms/Translocation         2
   c - Song of Slaying                Charms                       2
   d - Spectral Weapon                Hexes/Charms                 3
   e - Regeneration                   Charms/Necromancy            3
 C - a book of Enchantments

   Spells                             Type                      Level
   a - Cause Fear                     Hexes                        4
   b - Yara's Violent Unravelling     Hexes/Transmutation          5
   c - Silence                        Hexes/Air                    5
   d - Deflect Missiles               Charms/Air                   6
   e - Discord                        Hexes                        8
Miscellaneous
 L - a fan of gales
Comestibles
 k - 3 fruits
 o - a meat ration
 s - 2 chunks of flesh
 u - a beef jerky
 U - a bread ration


   Skills:
 - Level 7.0 Fighting
 + Level 6.4 Dodging
 - Level 2.1 Stealth
 - Level 4.2 Shields
 + Level 10.9 Spellcasting
 + Level 11.5 Conjurations
 - Level 5.9 Charms
 - Level 8.4 Fire Magic
 - Level 5.4 Air Magic


You had one spell level left.
You knew the following spells:

 Your Spells              Type           Power        Failure   Level  Hunger
a - Flame Tongue          Conj/Fire      #####        1%          1    None
b - Conjure Flame         Conj/Fire      ######..     1%          3    None
c - Sticky Flame          Conj/Fire      ######..     1%          4    ##.....
d - Fireball              Conj/Fire      ######....   1%          5    ####...
e - Freeze                Ice            ##..         1%          1    None
f - Deflect Missiles      Chrm/Air       ####......   61%         6    ######.
g - Orb of Destruction    Conj           ######....   8%          7    #######
h - Iskenderun's Battles  Conj/Chrm      #####...     1%          5    ####...


Dungeon Overview and Level Annotations

Branches:
Dungeon (8/15)             Temple (1/1) D:7            Lair (6/6) D:8
  Swamp (0/4) Lair:3       Spider (0/4) Lair:2        Slime (0/5) Lair:5

Altars:
Ashenzari
Cheibriados
Dithmenos
Elyvilon
Fedhas
Gozag
Hepliaklqana
Kikubaaqudgha
Makhleb
Nemelex Xobeh
Okawaru
Qazlal
Ru
Sif Muna
Trog
Uskayaw
Vehumet
Xom
Yredelemnul
Zin
The Shining One
Jiyva

Shops:
D:5 *

Annotations:
D:3 1 exclusion, Philosophy's ghost, amateur FoFi
D:6 exclusion: 4 player ghosts, Edmund; Krapule's ghost, novice MiGl
Lair:3 1 runed door, exclusion: 3 electric eels
Lair:4 3 exclusions
Lair:5 1 exclusion


Innate Abilities, Weirdness & Mutations

You are resistant to torment.
Your stone body is resilient. (AC +9)
You are immune to poison.
You resist negative energy. (rN+)
You are resistant to electric shocks. (rElec)
You can survive without breathing.
You are immune to petrification.
You are immune to rotting.


Message History

Confirm with . or Enter, or press ? or * to list all spells.
Aiming: Orb of Destruction
Press: ? - help, Shift-Dir - straight line, f/p - six-headed hydra
Aim: a six-headed hydra (severely wounded, covered in liquid flames)
The wavering orb of destruction weakly hits the six-headed hydra.
The six-headed hydra is almost dead.
You are feeling very hungry.
The six-headed hydra burns!
The six-headed hydra barely misses you. x2
The six-headed hydra bites you! The six-headed hydra bites you.
* * * LOW HITPOINT WARNING * * *
The six-headed hydra bites you.
* * * LOW HITPOINT WARNING * * *
The six-headed hydra bites you but does no damage.
As you read the scroll labeled TET YWNUSK, it crumbles to dust.
A profound silence engulfs you.
It was a scroll of silence.
The six-headed hydra burns!
The six-headed hydra stops burning.
The six-headed hydra bites you!
* * * LOW HITPOINT WARNING * * *
The six-headed hydra bites you.
You die...

#.....##.#.....................
#PP####........................
#### #.........................
##........................
###........................
##..........................
#....................#......
####...............#P.###..P.
###...#.......@*.....####......
#....P.......D....#### ##.....
##..........#####.#### ###..###
#..........#######.#.# #....#
#..........##...##..######...#
##..........##.>.##..# #.##...#
#...........'._..##..# #.....###
............#######..###......P##
............## ##PP..........#.


You could see a six-headed hydra and a friendly battlesphere.

Vanquished Creatures
  2 hydras
  11 death yaks
  6 elephants
  3 black mambas
  4 komodo dragons
  11 spiny frogs
  A polar bear (Lair:4)
  A two-headed ogre (D:7)
  6 dream sheep
  9 blink frogs
  5 hippogriffs
  11 yaks
  Eustachio (D:6)
  A hungry ghost (D:8)
  6 vampire mosquitoes (Lair:3)
  A basilisk (Lair:4)
  7 water moccasins
  11 porcupines
  An ice beast (D:8)
  A phantom (D:7)
  4 black bears
  6 wolves (Lair:5)
  5 ogres
  A centaur (D:6)
  11 crocodiles
  A big kobold (D:7)
  16 bullfrogs
  A gnoll sergeant (D:7)
  5 killer bees (D:8)
  4 scorpions
  2 crimson imps
  4 jellies
  2 hounds (D:6)
  2 orc priests
  A centaur skeleton (D:7)
  A bullfrog skeleton (D:5)
  4 iguanas
  5 orc wizards
  4 hell rats (Lair:3)
  5 worker ants
  2 worker ant zombies (D:5)
  9 adders
  9 gnolls
  5 shadow imps
  An adder zombie (D:6)
  An adder skeleton (D:8)
  5 worms
  2 dart slugs
  5 leopard geckos
  25 orcs
  2 ball pythons
  6 giant cockroaches
  7 hobgoblins
  10 jackals
  3 quokkas
  14 bats
  10 frilled lizards
  6 goblins
  22 kobolds
  A leopard gecko skeleton (D:6)
  2 leopard gecko zombies (D:7)
  A quokka skeleton (D:6)
  2 quokka zombies (D:8)
  15 rats
  2 fungi
350 creatures vanquished.

Vanquished Creatures (others)
  12 fungi
  14 plants
  6 toadstools (Lair:3)
32 creatures vanquished.

Grand Total: 382 creatures vanquished

Notes
Turn   | Place    | Note
-------+----------+-------------------------------------------
     0 | D:1      | esteth the Gargoyle Fire Elementalist began the quest for the Orb.
     0 | D:1      | Reached XP level 1. HP: 10/10 MP: 3/3
   225 | D:1      | Reached XP level 2. HP: 13/15 MP: 1/5
   652 | D:1      | Reached skill level 2 in Conjurations
   802 | D:1      | Reached XP level 3. HP: 18/19 MP: 0/6
   807 | D:1      | Learned a level 3 spell: Conjure Flame
  1245 | D:2      | Found a snail-covered altar of Cheibriados.
  1409 | D:2      | Reached XP level 4. HP: 24/24 MP: 0/7
  1518 | D:2      | Reached skill level 3 in Conjurations
  2516 | D:2      | Reached XP level 5. HP: 28/28 MP: 0/8
  2898 | D:3      | Reached skill level 4 in Conjurations
  3080 | D:3      | Noticed Philosophy's ghost (amateur FoFi)
  4214 | D:4      | Reached XP level 6. HP: 31/32 MP: 3/9
  4302 | D:5      | Entered Level 5 of the Dungeon
  4333 | D:5      | Reached skill level 1 in Shields
  4481 | D:5      | Reached skill level 5 in Fire Magic
  4691 | D:5      | Found a glowing golden altar of the Shining One.
  4969 | D:5      | Noticed Eustachio
  4998 | D:5      | Reached XP level 7. HP: 36/36 MP: 5/11
  5376 | D:5      | Found Ecsu's Assorted Antiques.
  5690 | D:6      | Found a shimmering altar of Xom.
  5753 | D:6      | Killed Eustachio
  5753 | D:6      | Reached skill level 5 in Conjurations
  6388 | D:6      | Noticed Krapule's ghost (novice MiGl)
  6404 | D:6      | Found a hazy altar of Hepliaklqana.
  6405 | D:6      | Found a white marble altar of Elyvilon.
  6473 | D:6      | Reached XP level 8. HP: 29/41 MP: 2/14
  6577 | D:6      | Learned a level 4 spell: Sticky Flame
  6592 | D:6      | Noticed Edmund
  6645 | D:6      | Found a blossoming altar of Fedhas.
  6713 | D:6      | Found an iron altar of Okawaru.
  6714 | D:6      | Found a snail-covered altar of Cheibriados.
  6714 | D:6      | Found a sacrificial altar of Ru.
  6714 | D:6      | Found a bloodstained altar of Trog.
  6715 | D:6      | Found a basalt altar of Yredelemnul.
  7203 | D:7      | Reached skill level 6 in Conjurations
  7677 | D:7      | Found a staircase to the Ecumenical Temple.
  7681 | D:7      | Noticed a two-headed ogre
  7686 | Temple   | Entered the Ecumenical Temple
  7691 | Temple   | Became a worshipper of Vehumet
  7910 | D:7      | Killed a two-headed ogre
  7910 | D:7      | Reached skill level 5 in Spellcasting
  8025 | D:7      | Reached XP level 9. HP: 45/45 MP: 8/17
  8901 | D:7      | Reached skill level 7 in Conjurations
  9569 | D:8      | Found a staircase to the Lair.
  9598 | D:8      | Learned a level 5 spell: Fireball
  9696 | D:8      | Reached skill level 1 in Fighting
  9700 | D:8      | Reached * piety under Vehumet
  9700 | D:8      | Offered knowledge of Freeze by Vehumet.
  9815 | D:8      | Found a sparkling altar of Nemelex Xobeh.
 10759 | Lair:1   | Entered Level 1 of the Lair of Beasts
 10774 | Lair:1   | You fall through a shaft!
 10823 | Lair:2   | Found a hole to the Spider Nest.
 10831 | Lair:2   | Reached XP level 10. HP: 53/55 MP: 17/21
 10915 | Lair:2   | Reached ** piety under Vehumet
 11117 | Lair:1   | Learned a level 1 spell: Freeze
 11133 | Lair:1   | Offered knowledge of Sting by Vehumet.
 11232 | Lair:1   | Noticed a black mamba
 11232 | Lair:1   | Noticed a spiny frog
 11308 | D:8      | Killed a spiny frog
 11308 | D:8      | Reached skill level 8 in Conjurations
 11824 | Lair:1   | Noticed a spiny frog
 11838 | Lair:1   | Killed a spiny frog
 11949 | Lair:1   | Killed a black mamba
 12648 | D:5      | Bought a paperback book for 465 gold pieces
 12655 | D:5      | Learned a level 6 spell: Deflect Missiles
 12912 | Lair:2   | Reached skill level 5 in Fighting
 12912 | Lair:2   | Reached skill level 1 in Charms
 12912 | Lair:2   | Reached skill level 1 in Air Magic
 13542 | Lair:3   | Noticed a spiny frog
 13571 | Lair:3   | Killed a spiny frog
 13571 | Lair:3   | Reached XP level 11. HP: 52/64 MP: 6/23
 13686 | Lair:3   | Found a glowing golden altar of the Shining One.
 14241 | Lair:3   | Found a staircase to the Swamp.
 14244 | Lair:3   | Offered knowledge of Ignite Poison by Vehumet.
 14980 | Lair:3   | Found a runed door.
 15049 | Lair:3   | Reached *** piety under Vehumet
 15720 | Lair:4   | Noticed a death yak
 15720 | Lair:4   | Noticed a death yak
 15720 | Lair:4   | Noticed a death yak
 15720 | Lair:4   | Noticed a death yak
 15720 | Lair:4   | Noticed a death yak
 15742 | Lair:3   | Killed a death yak
 15900 | Lair:4   | Reached skill level 5 in Charms
 15935 | Lair:4   | Noticed a five-headed hydra
 15945 | Lair:4   | Killed a five-headed hydra
 15945 | Lair:4   | Reached skill level 5 in Air Magic
 16366 | Lair:4   | Learned a level 7 spell: Orb of Destruction
 16438 | Lair:4   | Killed a death yak
 16438 | Lair:4   | Reached XP level 12. HP: 72/72 MP: 9/25
 16463 | Lair:4   | Offered knowledge of Static Discharge by Vehumet.
 16613 | Lair:4   | Killed a death yak
 16613 | Lair:4   | Reached skill level 9 in Conjurations
 16753 | Lair:3   | Killed a death yak
 16841 | Lair:4   | Killed a death yak
 18076 | Lair:5   | Noticed a death yak
 18076 | Lair:5   | Noticed a death yak
 18081 | Lair:5   | Noticed a death yak
 18082 | Lair:5   | Noticed a death yak
 18646 | Lair:5   | Reached skill level 10 in Conjurations
 18713 | Lair:5   | Reached skill level 10 in Spellcasting
 18832 | Lair:5   | Killed a death yak
 18849 | Lair:5   | Killed a death yak
 18849 | Lair:5   | Reached **** piety under Vehumet
 18858 | Lair:5   | Killed a death yak
 18858 | Lair:5   | Reached skill level 5 in Dodging
 18872 | Lair:5   | Killed a death yak
 19341 | Lair:5   | Noticed a death yak
 19350 | Lair:5   | Noticed a death yak
 19369 | Lair:5   | Noticed a death yak
 19371 | Lair:5   | Noticed a death yak
 19383 | Lair:5   | Killed a death yak
 19383 | Lair:5   | Reached XP level 13. HP: 40/76 MP: 14/27
 20022 | Lair:5   | Reached skill level 11 in Conjurations
 20350 | Lair:5   | Found a viscous altar of Jiyva.
 20350 | Lair:5   | Found a staircase to the Slime Pits.
 20592 | Lair:5   | Offered knowledge of Iskenderun's Battlesphere by Vehumet.
 20723 | Lair:5   | Learned a level 5 spell: Iskenderun's Battlesphere
 20877 | Lair:6   | Entered Level 6 of the Lair of Beasts
 21547 | Lair:5   | HP: 1/76 [six-headed hydra (12)]
 21547 | Lair:5   | Slain by a six-headed hydra

Skill      XL: |  1  2  3  4  5  6  7  8  9 10 11 12 13 |
---------------+----------------------------------------+-----
Conjurations   | 2 3 4 5 6 7 8 10 11 | 11.5
Fire Magic     | 4 5 6 7 8 |  8.4
Shields        | 2 3 4 |  4.2
Spellcasting   | 3 4 5 7 8 9 10 | 10.9
Fighting       | 2 5 7 |  7.0
Charms         | 2 5 |  5.9
Air Magic      | 2 5 |  5.4
Dodging        | 2 5 6 |  6.4
Stealth        | |  2.1

Action                   |  1- 3 |  4- 6 |  7- 9 | 10-12 | 13-15 || total
-------------------------+-------+-------+-------+-------+-------++-------
Melee: Unarmed           |    29 |       |       |       |       ||    29
       Long sword        |     5 |     5 |    39 |       |       ||    49
       Rapier            |       |       |    14 |       |       ||    14
       Staff             |       |       |       |    38 |    22 ||    60
 Cast: Flame Tongue      |    60 |   142 |   328 |   292 |    96 ||   918
       Conjure Flame     |       |     2 |    11 |    12 |     3 ||    28
       Fireball          |       |       |     1 |    10 |     3 ||    14
       Sticky Flame      |       |       |       |    86 |    21 ||   107
       Orb of Destructio |       |       |       |       |     6 ||     6
       Iskenderun's Batt |       |       |       |       |     5 ||     5
  Use: Scroll            |     6 |     6 |     8 |     3 |     5 ||    28
       Potion            |       |       |     2 |     2 |       ||     4
  Eat: Chunk             |     3 |     6 |    11 |    21 |     6 ||    47
       Bread ration      |       |     2 |     2 |     1 |       ||     5
       Pizza             |       |       |       |     1 |       ||     1
       Meat ration       |       |       |       |     1 |     1 ||     2
       Fruit             |       |       |       |       |     1 ||     1
Armor: Robe              |    39 |    35 |    61 |    72 |    42 ||   249
Dodge: Dodged            |    69 |    61 |    88 |   119 |    76 ||   413
Block: Buckler           |       |     2 |    32 |    58 |    28 ||   120
       Rpst.: Long sword |     7 |    17 |     9 |       |       ||    33
